 Dungeon Crawl Stone Soup version 0.28.0-45-g0d030f2227 (webtiles) character file.

Game seed: 5441590888725618314

2125 Peloso the Protected (level 9, -4/78 HPs)
             Began as a Minotaur Fighter on Apr 20, 2022.
             Slain by a vampire
             ... wielding a +0 club
              (17 damage)
             ... on level 6 of the Dungeon.
             The game lasted 00:13:12 (7871 turns).

Peloso the Protected (Minotaur Fighter)             Turns: 7871, Time: 00:13:13

Health: -4/78      AC:  0    Str: 24    XL:     9   Next: 8%
Magic:  8/8        EV: 12    Int:  5    God:
Gold:   193        SH:  5    Dex: 11    Spells: 8/8 levels left

rFire   . . .      SeeInvis .   a - +0 long sword
rCold   . . .      Faith    .   c - +0 buckler
rNeg    . . .      Spirit   .   (no armour)
rPois   +          Reflect  .   (helmet restricted)
rElec   .          Harm     .   (no cloak)
rCorr   .          Rampage  .   (no gloves)
Will    .....                   (no boots)
Stlth   +.........              n - amulet of the acrobat
HPRegen 0.23/turn               o - ring of poison resistance
MPRegen 0.11/turn               (no ring)

@: no status effects
A: horns 2, retaliatory headbutt
a: no special abilities


You were on level 6 of the Dungeon.
You visited 1 branch of the dungeon, and saw 6 of its levels.
You also visited: Sewer.

You collected 193 gold pieces.

Inventory:

Hand Weapons
 a - a +0 long sword (weapon)
 b - a +2 vorpal trident
Armour
 c - a +0 buckler (worn)
 h - a +2 chain mail of positive energy
 t - a +0 plate armour
Jewellery
 n - an amulet of the acrobat (around neck)
 o - a ring of poison resistance (left hand)
Scrolls
 e - a scroll of fog {unknown}
 f - 3 scrolls of enchant armour
 g - 3 scrolls of identify
 i - a scroll of vulnerability {unknown}
 j - a scroll of magic mapping
 l - a scroll of torment {unknown}
 p - a scroll of blinking
Potions
 d - a potion of attraction {unknown}
 k - a potion of flight {unknown}
 m - a potion of magic {unknown}
 q - a potion of invisibility {unknown}
 s - a potion of resistance {unknown}
Miscellaneous
 r - a piece from Xom's chessboard (12/15)


   Skills:
 + Level 6.9 Fighting
 + Level 8.4 Long Blades
 + Level 9.0 Armour
 + Level 3.2 Dodging
 + Level 0.6 Stealth
 + Level 5.9 Shields
 + Level 0.1 Evocations


You had 8 spell levels left.
You didn't know any spells.
Your spell library was empty.

Dungeon Overview and Level Annotations

Branches:
Dungeon (6/15)              Sewer (visited)
 Temple: D:4-7

Altars:
Fedhas
Gozag
Makhleb

Shops:
D:1 [   D:3 [


Innate Abilities, Weirdness & Mutations

You have a pair of horns on your head.
You reflexively headbutt those who attack you in melee.


Message History

a +0 chain mail; a +3 dire flail of distortion; the human corpse of Edmund
Press: ? - help, v - describe, . - travel
Here: a vampire, wielding a +0 club The floor.
You hit the vampire but do no damage.
You headbutt the vampire, but do no damage.
You block the vampire's attack. The vampire bites you.
The vampire draws strength from your injuries!
You hit the vampire but do no damage. You headbutt the vampire!
The vampire is moderately damaged.
The vampire points at you and mumbles some strange words.
You are confused.
The vampire hits you with a +0 club! The vampire bites you.
The vampire draws strength from your injuries!
You closely miss the vampire.
The vampire is moderately damaged.
The vampire closely misses you. x2
You closely miss the vampire. You headbutt the vampire.
The vampire is moderately damaged.
The vampire hits you with a +0 club! The vampire barely misses you.
You bump into the stone wall.
The vampire casts a spell.
The vampire flickers and vanishes!
Deactivating autopickup; reactivate with Ctrl-A.
You bump into the rock wall.
Something hits you.
* * * LOW HITPOINT WARNING * * *
Something bites you.
* * * LOW HITPOINT WARNING * * *
Something draws strength from your injuries!
Okay, then.
You are too confused!
You bump into the rock wall.
Something hits you.
* * * LOW HITPOINT WARNING * * *
Something bites you!
* * * LOW HITPOINT WARNING * * *
Something draws strength from your injuries!
You bump into the rock wall.
You feel less confused. Something hits you!
You die...

,,***,,*,,**,,,,,,,,**,,#)......#
,,,,,,,**,,**,8,,8,**,,*#########
,,,**.,,*,,,,*******,,,* #
,,,,<..,**,,,,,,,,,,,,### #
,,,,,...,*,,,,,,,,,,,,#.# ##### #
,,,,,....**,,,,,,,,,,##.# #...###
,,,,,.....**,,,,,,,,*#..# #......
,,,,,......########**#..# #......
,,,,,........[..@.# #..###...รท..
,,,,,.###########.# #....#......
,,,,,,* *#######.####.##)###....
,,,,,,* *.............##.###....
,,,,,,* *........#######........
,,,,,,* *........# ####.....
******* *........# #.....
*........# ######..... *........#
#..()......


There were no monsters in sight!

Vanquished Creatures
  Grinder (D:5)
  Edmund (D:6)
  A black bear (D:3)
  An orc warrior (D:6)
  2 necrophages
  A centaur (D:5)
  A phantom (D:3)
  Blork the orc (D:5)
  3 bullfrogs
  2 scorpions (D:5)
  A water moccasin zombie (D:5)
  A wyvern skeleton (D:6)
  A bullfrog zombie (D:5)
  2 hounds
  A jelly (D:5)
  4 orc priests
  A centaur skeleton (D:2)
  Jessica (D:2)
  5 iguanas
  4 orc wizards
  6 gnolls
  A howler monkey skeleton (D:5)
  9 adders
  A river rat (D:6)
  An ufetubus (D:6)
  An adder skeleton (D:5)
  A worm (D:6)
  2 dart slugs
  15 orcs
  5 endoplasms
  10 giant cockroaches
  4 hobgoblins
  11 quokkas
  9 ball pythons
  7 bats
  13 frilled lizards
  6 goblins
  8 kobolds
  3 rats
148 creatures vanquished.

Vanquished Creatures (others)
  13 plants
  5 toadstools (D:6)
18 creatures vanquished.

Grand Total: 166 creatures vanquished

Notes
Turn   | Place    | Note
-------+----------+-------------------------------------------
     0 | D:1      | Peloso the Minotaur Fighter began the quest for the Orb.
     0 | D:1      | Reached XP level 1. HP: 19/19 MP: 0/0
   154 | D:1      | Reached XP level 2. HP: 27/27 MP: 1/1
   214 | D:1      | Found a faded altar of an unknown god.
   457 | D:1      | Found Laur's Armour Boutique.
   461 | D:1      | Reached skill level 4 in Armour
   643 | D:2      | Reached XP level 3. HP: 22/33 MP: 2/2
   795 | D:1      | Reached XP level 4. HP: 28/40 MP: 3/3
  1054 | D:2      | Noticed Jessica
  1065 | D:2      | Killed Jessica
  1548 | D:2      | Reached XP level 5. HP: 36/46 MP: 4/4
  2542 | D:3      | Reached skill level 5 in Armour
  3224 | D:3      | Noticed a black bear
  3235 | D:3      | Killed a black bear
  3236 | D:3      | Reached skill level 1 in Dodging
  3236 | D:3      | Reached XP level 6. HP: 35/53 MP: 5/5
  3561 | D:3      | Found Caphoul's Antique Armour Boutique.
  4289 | D:4      | Found a burning altar of Makhleb.
  4336 | D:3      | Reached skill level 5 in Long Blades
  4336 | D:3      | Reached skill level 6 in Armour
  4404 | D:4      | Reached skill level 5 in Fighting
  4404 | D:4      | Reached XP level 7. HP: 56/61 MP: 6/6
  4691 | D:5      | Entered Level 5 of the Dungeon
  4695 | D:5      | Noticed Grinder
  4704 | D:5      | Paralysed by Grinder for 6 turns
  4714 | D:5      | Killed Grinder
  4715 | D:5      | Reached skill level 5 in Shields
  4974 | D:5      | Noticed Blork the orc
  4985 | D:5      | Killed Blork the orc
  5214 | D:5      | Reached XP level 8. HP: 65/70 MP: 7/7
  5219 | D:5      | Reached skill level 7 in Armour
  5849 | D:5      | Reached skill level 8 in Armour
  6205 | D:5      | Found a blossoming altar of Fedhas.
  6466 | D:6      | Found an opulent altar of Gozag.
  6577 | D:6      | Found a glowing drain.
  6600 | Sewer    | Entered a sewer
  7576 | D:6      | Reached XP level 9. HP: 33/78 MP: 8/8
  7828 | D:6      | Noticed Edmund
  7847 | D:6      | Killed Edmund
  7848 | D:6      | Reached skill level 9 in Armour
  7871 | D:6      | Slain by a vampire

Illustrated notes

Levels and vault maps discovered:
D:1:      minmay_arrival_hallway, layout_basic,
          shapermc_ecumenical_altar_notcrosses, serial_shops,
          nicolae_shop_waterfront, grunt_decor_mini_mirrors
D:2:      layout_rooms, nicolae_grassy_gnolls, uniq_jessica
D:3:      layout_basic, serial_shops, nicolae_shop_overgrown_old_shop
D:4:      layout_cave_pools, mainiacjoe_overflow_cross_hatched,
          mainiacjoe_overflow_boulevard, minmay_temple_entry_ruins
D:5:      layout_cave_pools, fedhas_ov_isle_minmay, uniq_blork_the_orc,
          uniq_grinder
D:6:      layout_basic, nicolae_overflow_crystal_walls, lemuel_round_altar,
          gup_sewer_entry_bubbles, minmay_gold_behind_fungi, nzn_random_ring,
          uniq_edmund

Skill      XL: |  1  2  3  4  5  6  7  8  9 |
---------------+----------------------------+-----
Armour         | 4 5 6 8 9 |  9.0
Shields        | 4 5 |  5.9
Fighting       | 4 5 6 |  6.9
Long Blades    | 3 4 5 6 8 |  8.4
Dodging        | 1 2 3 |  3.2
Stealth        | |  0.6
Evocations     | |  0.1

Action                   |  1- 3 |  4- 6 |  7- 9 || total
-------------------------+-------+-------+-------++-------
Melee: Long sword        |    48 |   150 |   257 ||   455
       Headbutt          |     3 |    26 |    43 ||    72
Evoke: Piece from Xom's  |       |       |     3 ||     3
  Use: Scroll            |       |     4 |     1 ||     5
       Potion            |       |     1 |     2 ||     3
Armor: Scale mail        |    33 |    62 |       ||    95
       Chain mail        |       |    26 |   124 ||   150
       Plate armour      |       |       |     2 ||     2
Dodge: Dodged            |    30 |    53 |   120 ||   203
Block: Buckler           |    16 |    28 |    59 ||   103
